 Dungeon Crawl Stone Soup version 0.31.0-32-g396128a36d (webtiles) character file.

Game seed: 16290467861254650757

5264 Alannah the Protected (level 10, -18/64 HPs)
             Began as a Gargoyle Fighter on Apr 2, 2024.
             Was a Priest of Okawaru.
             Demolished by a cyclops (24 damage)
             ... on level 8 of the Dungeon.
             The game lasted 00:28:44 (6321 turns).

Alannah the Protected (Gargoyle Fighter)            Turns: 6321, Time: 00:28:45

Health: -18/64     AC: 22    Str: 28    XL:     10   Next: 62%
Magic:  15/15      EV: 12    Int:  9    God:    Okawaru [***...]
Gold:   437        SH:  7    Dex:  9    Spells: 9/9 levels left

rFire   + + .        A - +2 whip (chaos)
rCold   + + .        c - +0 buckler
rNeg    + . .        l - +2 ring mail {rC+}
rPois   ∞            C - +0 helmet
rElec   +            u - +0 cloak
rCorr   +            w - +0 pair of gloves
SInv    .            (no boots)
Will    +....        (no amulet)
Stlth   ++           h - ring of protection from fire
HPRegen 0.30/turn    t - +6 ring of strength
MPRegen 0.14/turn

%: no passive effects
@: resistant, heroic, attractive, enlightened, flying, hasted, very quick
A: sickness immunity, AC +7, negative energy resistance 1, electricity
resistance, torment resistance 1, petrification resistance, weak 1
a: Renounce Religion, Heroism


You were on level 8 of the Dungeon.
You worshipped Okawaru.
Okawaru was most pleased with you.
You visited 2 branches of the dungeon, and saw 9 of its levels.

You collected 437 gold pieces.

Inventory:

Hand Weapons
 a - a +0 flail
 e - a +2 war axe of freezing
 y - a +2 mace of venom
 A - a +2 whip of chaos (weapon)
 I - a +0 orcbow
Missiles
 i - 17 poisoned darts (quivered)
 D - 4 boomerangs
Armour
 b - a +0 scale mail
 c - a +0 buckler (worn)
 l - a +2 ring mail of cold resistance (worn)
 u - a +0 cloak (worn)
 w - a +0 pair of gloves (worn)
 C - a +0 helmet (worn)
 K - +0 fire dragon scales
Jewellery
 h - a ring of protection from fire (left hand)
 j - a ring of willpower
 p - a ring of protection from fire
 r - a ring of willpower
 t - a +6 ring of strength (right hand)
 E - a ring of magical power
 G - a ring of resist corrosion
 M - a ring of willpower
Wands
 L - a wand of mindburst (6)
Scrolls
 d - a scroll of poison
 f - 5 scrolls of identify
 g - 3 scrolls of teleportation {unknown}
 n - a scroll of enchant armour {unknown}
 o - a scroll of brand weapon {unknown}
 q - a scroll of torment {unknown}
 s - a scroll of immolation {unknown}
 v - 2 scrolls of vulnerability {unknown}
 B - a scroll of fear {unknown}
Potions
 F - a potion of attraction
 H - 2 potions of resistance


   Skills:
 + Level 8.3(13.3) Fighting
 + Level 7.2(12.2) Maces & Flails
 + Level 8.3(13.3) Armour
 + Level 8.2(13.2) Shields
 + Level 7.4 Invocations


You had 9 spell levels left.
You didn't know any spells.
Your spell library contained the following spells:

 Spells                   Type           Power      Damage    Failure   Level
 Freeze                   Ice            0%         1d3       52%         1
 Magic Dart               Conj           0%         1d3       52%         1
 Blink                    Tloc           0%         N/A       65%         2
 Mercury Vapours          Alch/Air       0%         N/A       65%         2
 Searing Ray              Conj           0%         2d4       65%         2
 Frozen Ramparts          Ice            0%         1d1       87%         3
 Hailstorm                Conj/Ice       0%         3d5       87%         3
 Mephitic Cloud           Conj/Alch/Air  0%         N/A       87%         3
 Volatile Blastmotes      Fire/Tloc      0%         2d10      87%         3
 Fulminant Prism          Conj/Alch      0%         3d5       99%         4
 Iskenderun's Mystic Bla  Conj/Tloc      0%         2d3       99%         4
 Freezing Cloud           Conj/Ice/Air   0%         6-21      100%        5
 Eringya's Noxious Bog    Alch           0%         4d6       100%        6
 Call Imp                 Summ           Unusable   N/A       N/A         2
 Summon Forest            Summ/Tloc      Unusable   N/A       N/A         5
 Summon Hydra             Summ           Unusable   N/A       N/A         7

Dungeon Overview and Level Annotations

Branches:
Dungeon (8/15)             Temple (1/1) D:7
   Lair: D:8-11

Altars:
Ashenzari
Cheibriados
Dithmenos
Elyvilon
Fedhas
Gozag
Hepliaklqana
Kikubaaqudgha
Makhleb
Nemelex Xobeh
Okawaru
Qazlal
Ru
Sif Muna
Trog
Uskayaw
Vehumet
Wu Jian
Xom
Yredelemnul
Zin
The Shining One

Shops:
D:3 ((![:   D:8 =

Annotations:
D:5 3 runed translucent doors, Peloso's ghost, novice MiFi


Innate Abilities, Weirdness & Mutations

You are immune to sickness and miasma.
Your stone body is resilient. (AC +7)
You are immune to poison.
You resist negative energy. (rN+)
You are resistant to electric shocks. (rElec)
You are resistant to unholy torment.
You are immune to petrification.
You are weak. (Str -2)


Message History

The centaur is heavily wounded.
The centaur hits you but does no damage.
The centaur kicks you but does no damage.
You hit the centaur. You drain the centaur.
The centaur is almost dead.
The centaur hits you with a +0 short sword.
* * * LOW HITPOINT WARNING * * *
The centaur misses you. The cyclops is attracted toward you.
You closely miss the centaur.
The centaur is heavily wounded.
You block the centaur's attack. x2; The centaur closely misses you.
The centaur kicks you but does no damage.
You hit the centaur but do no damage.
The centaur seems to grow stronger.
The centaur is heavily wounded.
The centaur closely misses you. You block the centaur's attack.
You hit the centaur.
The centaur is heavily wounded.
The centaur hits you but does no damage.
The centaur barely misses you.
An orc warrior comes into view. It is wielding a +0 halberd.
The orc warrior shouts!
You hit the centaur.
The centaur seems to speed up.
The centaur is severely wounded.
You hear a shout!
The centaur misses you. The centaur kicks you.
* * * LOW HITPOINT WARNING * * *
You hit the cyclops but do no damage.
The cyclops appears confused.
The centaur hits you with a +0 short sword!
* * * LOW HITPOINT WARNING * * *
You block the centaur's attack.
You catch the helpless cyclops completely off-guard!
You hit the cyclops but do no damage. The centaur barely misses you.
The centaur kicks you but does no damage.
The centaur barely misses you. The centaur closely misses you.
It was a potion of haste.
You feel yourself speed up. You block the centaur's attack.
The centaur barely misses you.
The orc warrior hits you but does no damage.
The centaur hits you but does no damage.
The centaur misses you. The cyclops hits you!!
You die...

#..# #.#.# ..
#####..####.#.# #C#
............#.# ?..
#.######.####.. #c#
#.# #.# #####... #.#
#.# #..c#.# #.# #.#
#.#o..# #.#
#.####.#C### #.#
#.)).#.#c@.#
..######.##..)###.#
...).....##.#...#...
###########.###.####.#
#...#).....#
###.##.##### #....#
######


You could see a cyclops (confused), an orc warrior and 2 centaurs.

Vanquished Creatures
  A two-headed ogre (D:8)
  An occultist (D:8)
  An orc knight (D:8)
  A hornet (D:8)
  A steam dragon (D:7)
  5 ice beasts
  A sky beast (D:8)
  An orc warrior (D:6)
  4 black bears
  2 ogres
  4 centaurs
  A phantom (D:4)
  A kobold brigand (D:6)
  2 bullfrogs
  6 scorpions
  6 wights
  2 howler monkeys
  A hound (D:6)
  5 jellies
  4 orc priests
  Crazy Yiuf (D:3)
  2 gnoll boudas
  A sleepcap (D:4)
  7 iguanas
  An orc wizard (D:8)
  11 gnolls
  3 adders
  A shadow imp (D:7)
  A white imp (D:7)
  2 ufetubi (D:7)
  4 ribbon worms
  2 dart slugs
  19 orcs
  9 ball pythons
  4 bats
  6 endoplasms
  2 giant cockroaches
  8 goblins
  8 hobgoblins
  A quokka (D:1)
  8 frilled lizards
  10 kobolds
  6 rats
167 creatures vanquished.

Notes
Turn   | Place    | Note
-------+----------+-------------------------------------------
     0 | D:1      | Alannah the Gargoyle Fighter began the quest for the Orb.
     0 | D:1      | Reached XP level 1. HP: 14/14 MP: 1/1
    66 | D:1      | Reached XP level 2. HP: 19/19 MP: 2/2
   260 | D:1      | Reached XP level 3. HP: 23/23 MP: 3/3
   262 | D:1      | Reached skill level 1 in Invocations
  1111 | D:2      | Reached XP level 4. HP: 29/29 MP: 4/4
  1203 | D:3      | Found Jodoqup's Weapon Shop.
  1326 | D:3      | Found Qaagh's Antique Weapon Emporium.
  1479 | D:3      | Found Yvekh's Book Boutique.
  1530 | D:3      | Found Effe's Distillery.
  1594 | D:3      | Found Hacwecvo's Armour Shop.
  1640 | D:3      | Found a runed translucent door.
  1641 | D:3      | Noticed Crazy Yiuf
  1650 | D:3      | Killed Crazy Yiuf
  1651 | D:3      | Reached XP level 5. HP: 31/33 MP: 6/6
  1830 | D:3      | Found a hazy altar of Hepliaklqana.
  1979 | D:4      | Reached XP level 6. HP: 38/38 MP: 7/7
  2238 | D:4      | Found a hide-covered altar of Uskayaw.
  2292 | D:5      | Entered Level 5 of the Dungeon
  2431 | D:5      | Reached XP level 7. HP: 39/44 MP: 9/9
  2719 | D:5      | Reached skill level 5 in Fighting
  2719 | D:5      | Reached skill level 5 in Armour
  2719 | D:5      | Reached skill level 5 in Shields
  2743 | D:5      | Found a runed translucent gate.
  2743 | D:5      | Found a runed translucent gate.
  2755 | D:5      | Found a runed translucent gate.
  2761 | D:5      | Identified the +6 sling "Muataqot" {heavy, Dex+4}
  2761 | D:5      | Identified the +0 ring mail "Tosotap" {Dex+3 SInv}
  2763 | D:5      | Noticed Peloso's ghost (novice MiFi)
  2960 | D:5      | Reached XP level 8. HP: 40/49 MP: 10/10
  3670 | D:6      | Found an ornate altar of the Wu Jian Council.
  3889 | D:6      | Reached skill level 5 in Maces & Flails
  4115 | D:6      | Reached skill level 5 in Invocations
  4151 | D:6      | Reached XP level 9. HP: 52/56 MP: 12/12
  4173 | D:6      | Found a shimmering blue altar of Sif Muna.
  4183 | D:6      | Found a large runed translucent door.
  4184 | D:6      | Found a large runed translucent door.
  4184 | D:6      | Found a shimmering altar of Xom.
  4842 | D:7      | Found a snail-covered altar of Cheibriados.
  4968 | D:7      | Found a glowing silver altar of Zin.
  4982 | D:7      | Found a staircase to the Ecumenical Temple.
  4988 | Temple   | Entered the Ecumenical Temple
  4994 | Temple   | Became a worshipper of Warmaster Okawaru
  5047 | D:7      | Found a stormy altar of Qazlal.
  5055 | D:7      | Found a basalt altar of Yredelemnul.
  5142 | D:7      | Found a white marble altar of Elyvilon.
  5452 | D:8      | Found a radiant altar of Vehumet.
  5481 | D:8      | Found Geweoj's Jewellery Shop.
  5745 | D:8      | Reached * piety under Okawaru
  5752 | D:8      | Noticed a hornet
  5760 | D:8      | Killed a hornet
  5761 | D:8      | Reached XP level 10. HP: 50/63 MP: 14/14
  5779 | D:8      | Noticed a two-headed ogre
  5788 | D:8      | Killed a two-headed ogre
  5851 | D:8      | Noticed an occultist
  5887 | D:8      | Killed an occultist
  5887 | D:8      | Reached ** piety under Okawaru
  6273 | D:8      | Noticed an orc knight
  6275 | D:8      | Noticed a cyclops
  6302 | D:8      | Gained mutation: You possess an exceptional clarity of
                  | mind. [potion of mutation]
  6302 | D:8      | Gained mutation: You are weak. (Str -2) [potion of
                  | mutation]
  6302 | D:8      | Lost mutation: You possess an exceptional clarity of mind.
                  | [potion of mutation]
  6308 | D:8      | Killed an orc knight
  6308 | D:8      | Reached *** piety under Okawaru
  6321 | D:8      | Demolished by a cyclops

Illustrated notes

Levels and vault maps discovered:
D:1:      wander_arrival_fairy_ring, layout_rooms, minmay_strange_pillars
D:2:      layout_loops_ring, minivault_11, serial_bayou_lake_a
D:3:      layout_basic, mainiacjoe_overflow_alcove_2, serial_shops, shop,
          shop_fountains, shop, shop, nicolae_shop_industrial_runoff,
          uniq_crazy_yiuf_cottage
D:4:      layout_basic, general_overflow_altar, nrook_mini_backslash
D:5:      layout_loops_ring, biasface_ghost_orc_armoury,
          kennysheep_generic_room_3
D:6:      due_chaos_kobolds, layout_basic, mainiacjoe_overflow_cross_hatched,
          mainiacjoe_overflow_small_starburst
D:7:      layout_rooms, lemuel_tele_altar, slow_altar_2, elyvilon_altar_1,
          mainiacjoe_overflow_large_starburst, minmay_temple_entry_hall,
          small_statue_alley_b
D:8:      layout_loops_ring, fiery_altar_vehumet, serial_shops, shop,
          nicolae_doodle_vault
Temple:   nicolae_temple_x_marks_the_god

Skill      XL: |  1  2  3  4  5  6  7  8  9 10 |
---------------+-------------------------------+-----
Invocations    | 1 2 3 5 6 7 |  7.4
Armour         | 4 5 6 7 8 |  8.3
Shields        | 4 5 6 7 8 |  8.2
Fighting       | 4 5 6 7 8 |  8.3
Maces & Flails | 3 4 5 6 7 |  7.2

Action                     |  1- 3 |  4- 6 |  7- 9 | 10-12 || total
---------------------------+-------+-------+-------+-------++-------
  Melee: War axe           |    86 |    87 |    91 |       ||   264
         Flail             |     6 |       |       |       ||     6
         Mace              |       |       |    58 |       ||    58
         Whip              |       |       |   197 |    89 ||   286
  Throw: Dart              |       |       |       |     2 ||     2
 Invoke: Heroism           |       |       |       |     2 ||     2
    Use: Potion            |       |       |     1 |     8 ||     9
         Scroll            |       |       |       |     2 ||     2
   Stab: Paralysed         |       |       |     3 |       ||     3
         Confused          |       |       |       |     1 ||     1
 Armour: Scale mail        |    36 |       |       |       ||    36
         Ring mail         |    24 |    51 |   283 |    91 ||   449
  Dodge: Dodged            |    38 |    44 |   176 |    51 ||   309
  Block: Buckler           |    12 |    24 |    98 |    35 ||   169
